 Dungeon Crawl Stone Soup version 0.20-a0-1089-g3fde505 (webtiles) character file.

2037 grindst0ne the Cleaver (level 9, 0/84 HPs)
             Began as a Minotaur Fighter on May 3, 2017.
             Was an Initiate of Okawaru.
             Slain by a gnoll
             ... wielding a +0 halberd
              (4 damage)
             ... on level 7 of the Dungeon.
             The game lasted 00:20:17 (6975 turns).

grindst0ne the Cleaver (Minotaur Fighter)           Turns: 6975, Time: 00:20:18

Health: 0/84       AC: 14    Str: 21    XL:     9   Next: 4%
Magic:  10/10      EV:  4    Int:  5    God:    Okawaru [......]
Gold:   371        SH:  9    Dex: 13    Spells: 8/8 levels left

rFire    . . .     SeeInvis .   a - +0 war axe
rCold    . . .     Gourm    .   c - +0 shield
rNeg     . . .     Faith    .   A - +0 plate armour
rPois    .         Spirit   .   (helmet restricted)
rElec    .         Reflect  .   j - +0 cloak
rCorr    .         Harm     .   F - +0 pair of gloves
MR       .....                  (no boots)
Stlth    ..........             (no amulet)
Regen    0.3/turn               (no ring)
MPRegen  0.2/turn               (no ring)

@: fainting
A: retaliatory headbutt, horns 2
a: Renounce Religion


You were on level 7 of the Dungeon.
You worshipped Okawaru.
Okawaru was noncommittal.
You were fainting.

You visited 2 branches of the dungeon, and saw 8 of its levels.

You collected 371 gold pieces.

Inventory:

Hand Weapons
 a - a +0 war axe (weapon)
Missiles
 m - 7 tomahawks (quivered)
 q - 2 javelins
Armour
 b - a +0 scale mail
 c - a +0 shield (worn)
 i - a +0 scale mail
 j - a +0 cloak (worn)
 p - a +0 helmet
 A - a +0 plate armour (worn)
 F - a +0 pair of gloves (worn)
Jewellery
 n - an uncursed ring of magical power {unknown}
 t - an uncursed ring of ice {unknown}
 w - an uncursed ring of stealth {unknown}
 y - a cursed ring of teleportation {unknown}
Wands
 v - a wand of paralysis (12/24)
 G - a wand of paralysis (6/24)
Scrolls
 g - 3 scrolls of recharging
 h - a scroll of random uselessness
 r - 3 scrolls of identify
 x - a scroll of fear
 z - a scroll of teleportation
 C - a scroll of blinking
 E - a scroll of vulnerability {unknown}
Potions
 d - 2 potions of curing
 e - a potion of agility
 o - 2 potions of haste
 u - a potion of might
 B - a potion of heal wounds {unknown}
 D - a potion of degeneration {unknown}
Comestibles
 f - 6 bread rations
 k - 3 meat rations
 s - a fruit


   Skills:
 + Level 9.5 Fighting
 * Level 10.0 Axes
 - Level 3.7 Armour
 - Level 0.2 Dodging
 - Level 3.8 Shields
 + Level 3.4 Evocations


You had 8 spell levels left.
You didn't know any spells.

Dungeon Overview and Level Annotations

Branches:
Dungeon (7/15)             Temple (1/1) D:6

Altars:
Ashenzari
Dithmenos
Elyvilon
Gozag
Hepliaklqana
Kikubaaqudgha
Makhleb
Nemelex Xobeh
Okawaru
Qazlal
Ru
Sif Muna
Trog
Uskayaw
Vehumet
Wu Jian
Xom
Yredelemnul
Zin
The Shining One


Innate Abilities, Weirdness & Mutations

You reflexively headbutt those who attack you in melee.
You have a pair of horns on your head.


Message History

You hit the gnoll. You headbutt the gnoll.
The gnoll is heavily wounded.
You block the gnoll's attack. The gnoll barely misses you.
You slash the gnoll!
You kill the gnoll!
Okawaru accepts your kill.
The gnoll hits you from afar with a halberd.
* * * LOW HITPOINT WARNING * * *
You block the bullfrog zombie's attack.
You hit the bullfrog zombie.
Your headbutt misses the bullfrog zombie.
The bullfrog zombie is lightly damaged.
You block the bullfrog zombie's attack. The gnoll closely misses you.
You slash the bullfrog zombie!
Your headbutt misses the bullfrog zombie.
The bullfrog zombie is heavily damaged.
The bullfrog zombie hits you.
* * * LOW HITPOINT WARNING * * *
The gnoll hits you from afar with a halberd.
You die...

......W.# ..#
#.......##>.###o
######..Z......l
...........####
##..####...# #.
#5))########.
###g###........
#.Z.#...#.####. #.
#@##..##..#
#.##.#..###.#####.
.
#......###..#....
..
####..[.....#..#
##.......#####...#
....#.######...###
##....#......###
....##..######
(........#


You could see a gnoll, a shadow imp and a bullfrog zombie.

Vanquished Creatures
  Grinder (D:3)
  Sigmund (D:2)
  A hungry ghost (D:7)
  2 phantoms (D:5)
  4 ogres
  4 big kobolds (D:4)
  Blork the orc (D:4)
  A bullfrog (D:7)
  A scorpion (D:6)
  5 orc wizards
  2 centaur skeletons
  2 orc priests (D:3)
  2 iguanas
  A worker ant (D:6)
  3 gnolls
  7 adders
  2 shadow imps (D:5)
  An adder skeleton (D:6)
  An adder zombie (D:6)
  3 worms
  2 dart slugs
  8 leopard geckos
  12 orcs
  2 bat zombies (D:5)
  3 giant cockroaches
  4 goblins
  9 hobgoblins
  2 jackals (D:1)
  51 kobolds
  A quokka (D:5)
  A ball python (D:3)
  6 bats
  6 frilled lizards
  A jackal skeleton (D:5)
  7 rats
160 creatures vanquished.

Vanquished Creatures (others)
  A troll (D:7)
  A scorpion (D:7)
  2 jellies (D:7)
  A kobold (D:2)
5 creatures vanquished.

Grand Total: 165 creatures vanquished

Notes
Turn   | Place    | Note
-------+----------+-------------------------------------------
     0 | D:1      | grindst0ne the Minotaur Fighter began the quest for the Orb.
     0 | D:1      | Reached XP level 1. HP: 19/19 MP: 0/0
   175 | D:1      | Reached XP level 2. HP: 27/27 MP: 1/1
   427 | D:1      | Reached skill level 3 in Axes
   721 | D:2      | Found a radiant altar of Vehumet.
   800 | D:2      | Reached XP level 3. HP: 28/34 MP: 2/2
   876 | D:2      | Noticed Sigmund
  1635 | D:2      | Killed Sigmund
  1635 | D:2      | Reached skill level 5 in Fighting
  1635 | D:2      | Reached skill level 5 in Axes
  1635 | D:2      | Reached XP level 4. HP: 31/44 MP: 3/3
  1635 | D:2      | Reached XP level 5. HP: 35/50 MP: 4/4
  2229 | D:3      | Found a burning altar of Makhleb.
  2607 | D:3      | Reached XP level 6. HP: 50/57 MP: 5/5
  2728 | D:3      | Noticed Grinder
  2740 | D:3      | Killed Grinder
  2740 | D:3      | Reached skill level 6 in Axes
  3414 | D:4      | Found a basalt altar of Yredelemnul.
  3529 | D:4      | Reached XP level 7. HP: 54/66 MP: 6/6
  3673 | D:4      | Reached skill level 7 in Axes
  4070 | D:4      | Reached skill level 8 in Axes
  4291 | D:4      | Noticed Blork the orc
  4300 | D:4      | Killed Blork the orc
  4300 | D:4      | Reached XP level 8. HP: 75/75 MP: 7/7
  4397 | D:4      | Found an opulent altar of Gozag.
  4540 | D:4      | Found a sparkling altar of Nemelex Xobeh.
  4550 | D:4      | Found a sacrificial altar of Ru.
  4746 | D:5      | Entered Level 5 of the Dungeon
  5072 | D:5      | Reached skill level 1 in Evocations
  5208 | D:5      | Found an ancient bone altar of Kikubaaqudgha.
  5324 | D:5      | Found a shadowy altar of Dithmenos.
  5750 | D:6      | Reached skill level 9 in Axes
  6243 | D:6      | Found a staircase to the Ecumenical Temple.
  6264 | Temple   | Entered the Ecumenical Temple
  6311 | Temple   | Became a worshipper of Warmaster Okawaru
  6933 | D:7      | Killed a troll
  6955 | D:7      | Reached skill level 10 in Axes
  6955 | D:7      | Reached XP level 9. HP: 41/84 MP: 10/10
  6975 | D:7      | HP: 4/84 [bullfrog zombie (5)]
  6975 | D:7      | Slain by a gnoll

Vault maps used:
D:1:      ncdulo_watergridlock, serial_forest, infiniplex_forest_clump_curved,
          infiniplex_forest_clump_double, infiniplex_forest_zigzag_1,
          infiniplex_forest_straight_2, infiniplex_forest_end_2,
          infiniplex_forest_clump_medium, infiniplex_forest_lined_1,
          minmay_misc_feat_four_crosses
D:2:      fiery_altar_vehumet, uniq_sigmund
D:3:      lemuel_crystal_altar, first_bread, uniq_grinder
D:4:      minmay_goblin_kobold_castle, amethyst_overflow_temple_binary,
          lemuel_crystal_altar, nicolae_gozag_cash_rules_everything_around_me,
          minivault_27, uniq_blork_the_orc
D:5:      grunt_dithmenos_shadows, lemuel_zombie_altar_kikubaaqudgha
D:6:      minmay_temple_entry_mist
D:7:      enter_bailey_3, basic_altar, grunt_livestock, xom_confusion_cloud
Temple:   nicolae_temple_x_marks_the_god

Skill      XL: |  1  2  3  4  5  6  7  8 |
---------------+-------------------------+-----
Fighting       | 4 5 6 7 8 9 |  9.5
Axes           | 3 5 6 8 10 | 10.0
Evocations     | 3 |  3.4
Armour         | |  3.7
Dodging        | |  0.2
Shields        | |  3.8

Action                   |  1- 3 |  4- 6 |  7- 9 || total
-------------------------+-------+-------+-------++-------
Melee: War axe           |   103 |    46 |   242 ||   391
       Headbutt          |     9 |     9 |    40 ||    58
  Use: Scroll            |       |     8 |     4 ||    12
       Potion            |       |     3 |     4 ||     7
  Eat: Chunk             |     2 |     5 |    12 ||    19
Armor: Scale mail        |    40 |    14 |    33 ||    87
       Plate armour      |       |       |    65 ||    65
Dodge: Dodged            |    39 |    13 |    41 ||    93
Block: Shield            |    49 |    28 |   111 ||   188
